 Dungeon Crawl Stone Soup version 0.31-a0-667-g39726597b9 (webtiles) character file.

Game seed: 3241488708209272452

67 Bravepunisher the Ducker (level 4, -3/24 HPs)
             Began as a Spriggan Monk on Sept 3, 2023.
             Slain by a sleepcap (8 damage)
             ... on level 5 of the Dungeon.
             The game lasted 00:03:51 (1155 turns).

Bravepunisher the Ducker (Spriggan Monk)            Turns: 1155, Time: 00:03:52

Health: -3/24      AC:  2    Str:  7    XL:     4   Next: 0%
Magic:  5/5        EV: 21    Int: 11    God:
Gold:   57         SH:  0    Dex: 19    Spells: 3/3 levels left

rFire   . . .        a - +0 short sword
rCold   . . .        d - orb {light}
rNeg    . . .        b - +0 robe
rPois   .            (helmet restricted)
rElec   .            (no cloak)
rCorr   .            (gloves unavailable)
SInv    +            (boots unavailable)
Will    .....        (no amulet)
Stlth   +            (no ring)
HPRegen 0.24/turn    (no ring)
MPRegen 0.09/turn

%: no passive effects
@: glowing, very quick
A: very small, no large weapons, unfitting armour, see invisible, speed 3
a: no special abilities


You were on level 5 of the Dungeon.
You visited 1 branch of the dungeon, and saw 5 of its levels.

You collected 57 gold pieces.

Inventory:

Hand Weapons
 a - a +0 short sword (weapon)
Armour
 b - a +0 robe (worn)
 d - an orb of light (worn)
Scrolls
 f - 2 scrolls of revelation
 h - a scroll of identify {unknown}
Potions
 c - a potion of ambrosia
 e - a potion of degeneration {unknown}
 g - 2 potions of curing {unknown}
 i - 2 potions of experience {unknown}


   Skills:
 + Level 3.0 Fighting
 - Level 3.2 Short Blades
 * Level 5.8 Dodging


You had 3 spell levels left.
You didn't know any spells.
Your spell library was empty.

Dungeon Overview and Level Annotations

Branches:
Dungeon (5/15)
 Temple: D:4-7

Altars:

Annotations:
D:3 2 runed translucent doors


Innate Abilities, Weirdness & Mutations

You are very small and have problems with some larger weapons.
You are too small for most types of armour.
You have supernaturally acute eyesight. (SInv)
You cover ground extremely quickly. (Speed+++)


Message History

The sleepcap is severely damaged.
The sleepcap releases spores at you but does no damage.
You hit the sleepcap.
The sleepcap is almost destroyed.
The sleepcap releases spores at you.
You are engulfed in a cloud of soporific spores!
You fall asleep.
The sleepcap releases spores at you!
You wake up.
Ouch! That really hurt!
* * * LOW HITPOINT WARNING * * *
Unknown command.
You hit the sleepcap but do no damage.
The sleepcap is almost destroyed.
The sleepcap misses you.
You hit the sleepcap but do no damage.
The sleepcap is almost destroyed.
The sleepcap releases spores at you.
* * * LOW HITPOINT WARNING * * *
Unknown command.
You hit the sleepcap but do no damage.
The sleepcap is almost destroyed.
The sleepcap misses you.
You hit the sleepcap but do no damage.
The sleepcap is almost destroyed.
The sleepcap misses you.
You hit the sleepcap but do no damage.
The sleepcap is almost destroyed.
You hit the sleepcap but do no damage.
The sleepcap is almost destroyed.
The sleepcap misses you.
You hit the sleepcap but do no damage.
The sleepcap is almost destroyed.
The sleepcap completely misses you.
You hit the sleepcap but do no damage.
The sleepcap is almost destroyed.
The sleepcap closely misses you.
You hit the sleepcap but do no damage.
The sleepcap is almost destroyed.
The sleepcap releases spores at you!
You die...

####.####.#.##
####....#.#S## *** *
#######...#..# *,******
#######.####.# *,*,,,,,
#######.####.#***,*,****
#######.####..,,,,#.# *
######w......#####..## *
######f#####.#.......###
####...@.###+#.#.#.#...,
####.#.#.(...........#**
####...........#.#.#.# *
###..#.#.......#.....# *
###......#######.'##.# *
###..................#
#########..........###
##.........# ########<##


You could see a sleepcap and a worm.

Vanquished Creatures
  A hound (D:5)
  An adder (D:2)
  A dart slug (D:2)
  An orc (D:2)
  4 ball pythons
  An endoplasm (D:4)
  2 goblins
  A hobgoblin (D:2)
  5 quokkas
  5 bats
  A frilled lizard (D:2)
  A kobold (D:2)
  2 rats (D:2)
26 creatures vanquished.

Notes
Turn   | Place    | Note
-------+----------+-------------------------------------------
     0 | D:1      | Bravepunisher the Spriggan Monk began the quest for the
                  | Orb.
     0 | D:1      | Reached XP level 1. HP: 11/11 MP: 2/2
   216 | D:2      | Reached XP level 2. HP: 16/16 MP: 3/3
   259 | D:2      | Reached skill level 5 in Dodging
   303 | D:2      | Reached XP level 3. HP: 19/19 MP: 4/4
   383 | D:3      | Found a large runed translucent door.
   383 | D:3      | Found a large runed translucent door.
   548 | D:5      | Entered Level 5 of the Dungeon
   658 | D:4      | Noticed a phantom
  1043 | D:5      | Reached XP level 4. HP: 7/24 MP: 5/5
  1130 | D:5      | Noticed a water moccasin
  1155 | D:5      | Slain by a sleepcap

Illustrated notes

Levels and vault maps discovered:
D:1:      spicycebolla_arrival_ecumenical, layout_rooms, serial_shops, shop
D:2:      minmay_angry_zag, layout_loops_ring, minivault_4, grunt_ministairs_1,
          minmay_misc_feat_hallway, minmay_circled_x, uniq_sigmund
D:3:      layout_basic, nicolae_dithmenos_through_a_glass_darkly,
          jmf_multi_god_temple2, amcnicky_altar_gilded, portal_sewer_entry_d,
          serial_shops, shop
D:4:      layout_cave_pods
D:5:      layout_basic, serial_co_window_serial, co_window_corner_a,
          co_window_corner_a, co_window_of_opportunity_a, co_window_paths_a,
          co_window_paths_a, co_window_broadway_a, co_window_broadway_c,
          co_window_of_opportunity_b, co_window_corner_cb, co_window_4corner_b,
          co_window_paths_d, glass_columns_c, glass_columns_c, glass_columns_a,
          glass_columns_b, glass_columns_a, hangedman_feature_mirror,
          chequers_serial_rivers_micro_c

Skill      XL: |  1  2  3 |
---------------+----------+-----
Dodging        | 5 |  5.8
Fighting       | 3 |  3.0
Short Blades   | |  3.2

Action                     |  1- 3 |  4- 6 || total
---------------------------+-------+-------++-------
  Melee: Short sword       |   113 |    23 ||   136
    Use: Scroll            |       |     1 ||     1
 Armour: Robe              |    41 |     7 ||    48
  Dodge: Dodged            |   153 |    15 ||   168

Table legend: (Time is in decaauts)
 A = Elapsed time spent in this place.
 B = Non-inter-level travel time spent in this place.
 C = Inter-level travel time spent in this place.
 D = Time resting spent in this place.
 E = Time spent auto-exploring this place.
 F = Levels seen in this place.
 G = Mean time per level.
                   A        B        C        D        E       F      G
               +--------+--------+--------+--------+--------+-----+--------+
         Total |    788 |    788 |      0 |     71 |    364 |   5 |  157.6 |
       Dungeon |    788 |    788 |      0 |     71 |    364 |   5 |  157.6 |
               +--------+--------+--------+--------+--------+-----+--------+

Top non-repeatable levels by time:
     D:4: 324 daAuts
     D:2: 153 daAuts
     D:5: 130 daAuts
     D:1: 101 daAuts
     D:3: 78 daAuts
